 Dungeon Crawl Stone Soup version 0.29-a0-322-g68df515428 (webtiles) character file.

Game seed: 11380703883997212470

9073 quinnr the Stormcaller (level 11, -2/63 HPs)
             Began as a Tengu Air Elementalist on Apr 5, 2022.
             Was an Initiate of Yredelemnul.
             Slain by a wolf (8 damage)
             ... on level 11 of the Dungeon.
             The game lasted 00:29:55 (14334 turns).

quinnr the Stormcaller (Tengu Air Elementalist)    Turns: 14334, Time: 00:29:56

Health: -2/63      AC:  6    Str:  8    XL:     11   Next: 40%
Magic:  8/19       EV: 17    Int: 19    God:    Yredelemnul [......]
Gold:   173        SH:  5    Dex: 18    Spells: 5/20 levels left

rFire   . . .      SeeInvis +   P - staff of conjuration
rCold   + + .      Faith    .   u - +0 buckler
rNeg    . . .      Spirit   .   H - +2 robe {Will+}
rPois   .          Reflect  .   A - +0 mask of the Dragon {Will+ Slay+3 SInv}
rElec   .          Harm     .   j - +0 cloak
rCorr   .          Rampage  .   E - +0 pair of gloves
Will    +++..                   (boots unavailable)
Stlth   ++........              (no amulet)
HPRegen 0.20/turn               m - ring of protection from cold
MPRegen 0.16/turn               I - ring of protection from cold

@: flying quickly and evasively, quick
A: beak, talons 3, nimble flight, agile 1, strong-willed 1, passive freeze
a: Renounce Religion, Recall Undead Harvest


You were on level 11 of the Dungeon.
You worshipped Yredelemnul.
Yredelemnul was noncommittal.
You visited 2 branches of the dungeon, and saw 12 of its levels.

You collected 472 gold pieces.
You spent 299 gold pieces at shops.

Inventory:

Hand Weapons
 q - a +1 dagger of electrocution
 v - a +1 dagger of speed
Missiles
 C - 9 poisoned darts
Armour
 e - a +1 robe of cold resistance
 j - a +0 cloak (worn)
 s - a +1 hat of willpower
 u - a +0 buckler (worn)
 A - the +0 mask of the Dragon (worn) {Will+ Slay+3 SInv}
   (You found it on level 6 of the Dungeon)

   Slay:      It affects your accuracy & damage with ranged weapons and melee
   (+3).
   SInv:      It lets you see invisible.
   Will:      It increases your willpower.
 E - a +0 pair of gloves (worn)
 H - a +2 robe of willpower (worn)
 M - an orb of wrath
 S - the +4 kite shield of Prudence {+Inv rF+ Str+2}
   (You found it on level 10 of the Dungeon)

   Str:       It affects your strength (+2).
   rF:        It protects you from fire.
   +Inv:      It lets you turn invisible.
Magical Staves
 P - a staff of conjuration (weapon)
Jewellery
 h - an amulet of guardian spirit
 m - a ring of protection from cold (left hand)
 r - a +6 ring of dexterity
 B - a +6 ring of strength
 I - a ring of protection from cold (right hand)
Wands
 p - a wand of iceblast (7)
 y - a wand of paralysis (6)
 D - a wand of flame (17)
 K - a wand of acid (1)
 N - a wand of polymorph (4)
 Q - a wand of digging (4)
Scrolls
 a - a scroll of summoning {unknown}
 d - 4 scrolls of enchant armour {unknown}
 f - 2 scrolls of immolation {unknown}
 g - a scroll of teleportation
 i - 3 scrolls of magic mapping
 w - a scroll of silence {unknown}
 x - 3 scrolls of noise {unknown}
 F - 3 scrolls of amnesia {unknown}
 L - a scroll of fog {unknown}
 U - a scroll of enchant weapon {unknown}
Potions
 b - a potion of magic
 c - 2 potions of mutation
 k - a potion of attraction
 l - 6 potions of curing
 n - a potion of flight
 o - a potion of ambrosia
 t - 4 potions of degeneration
 z - a potion of experience {unknown}
 G - a potion of resistance
 J - a potion of lignification
 O - a potion of heal wounds
 R - a potion of invisibility {unknown}
Miscellaneous
 T - a phial of floods


   Skills:
 - Level 5.0 Fighting
 + Level 5.6 Dodging
 - Level 2.0 Stealth
 - Level 4.0 Shields
 - Level 5.0 Spellcasting
 - Level 9.0 Conjurations
 + Level 16.3 Air Magic
 + Level 1.0 Poison Magic
 + Level 1.8 Invocations
 + Level 2.0 Evocations


You had 5 spell levels left.
You knew the following spells:

 Your Spells              Type           Power      Damage    Failure   Level
a - Shock                 Conj/Air       100%       1d9       1%          1
b - Airstrike             Air            30%        N/A       1%          4
c - Static Discharge      Conj/Air       68%        N/A       1%          2
d - Lightning Bolt        Conj/Air       34%        1d51      2%          5
e - Mephitic Cloud        Conj/Pois/Air  55%        N/A       1%          3

Your spell library contained the following spells:

 Spells                   Type           Power      Damage    Failure   Level
 Magic Dart               Conj           100%       1d8       1%          1
 Swiftness                Air            61%        N/A       1%          3
 Slow                     Hex            16%        N/A       16%         1
 Call Imp                 Summ           4%         N/A       24%         2
 Confusing Touch          Hex            4%         N/A       43%         3
 Gell's Gravitas          Tloc           4%         N/A       43%         3
 Teleport Other           Tloc           4%         N/A       43%         3
 Vampiric Draining        Necr           4%         2d6       43%         3
 Maxwell's Capacitive Co  Air            30%        ∞         77%         8
 Dispersal                Tloc           2%         N/A       100%        6


Dungeon Overview and Level Annotations

Branches:
Dungeon (11/15)            Temple (1/1) D:6
   Lair: D:8-11         Orc: D:9-12

Altars:
Ashenzari
Cheibriados
Dithmenos
Elyvilon
Fedhas
Gozag
Hepliaklqana
Kikubaaqudgha
Makhleb
Nemelex Xobeh
Okawaru
Qazlal
Ru
Sif Muna
Trog
Uskayaw
Vehumet
Wu Jian
Xom
Yredelemnul
Zin
The Shining One

Shops:
D:1 *   D:9 *


Innate Abilities, Weirdness & Mutations

You have a beak for a mouth.
You have claws for feet.
Your magical nature lets you fly swiftly and evasively.
You are agile. (Dex +2)
You are strong-willed. (Will+)
A frigid envelope surrounds you and freezes all who hurt you.


Message History

The lightning grounds out.
The wyvern is struck by an arc of lightning!
You kill the wyvern!
The yak is struck by an arc of lightning.
The yak is moderately wounded.
The wolf is struck by an arc of lightning.
The wolf is moderately wounded.
The lightning grounds out.
A water moccasin comes into view.
The yak gores you but does no damage.
The yak is very cold.
The yak is severely wounded.
A wyvern comes into view.
Your Poison Magic skill increases to level 1!
Your Evocations skill increases to level 2!
Unknown command.
Unknown command.
Casting: Static Discharge (safe; 1% risk of failure)
Confirm with . or Enter, or press ? or * to list all spells.
You feel a surge of power!
The yak is struck by an arc of lightning!
The yak is heavily wounded.
You are struck by an arc of lightning.
The wolf is struck by an arc of lightning.
The wolf is heavily wounded.
The lightning grounds out.
The wyvern hisses angrily.
You hear an angry hiss.
You block the wolf's attack. The yak gores you!
The yak is very cold.
The yak is almost dead.
A boulder beetle comes into view.
The yak gores you!
* * * LOW HITPOINT WARNING * * *
The yak is very cold.
The yak is lightly wounded.
You block the yak's attack.
A basilisk comes into view.
Unknown command.
Unknown command.
The wolf bites you!
You die...
Your body rises from the dead as a mindless zombie.

###+####.8...8.#
.......##.....##
........###.###
........###..#####
........##.......#
.........#.#######
.........#........
BS...SYY.#.#######
l.l...h.@..#
.[....Yh#..#
........##...#
........######
+########


You could see 3 yaks, 2 water moccasins, a wyvern and 2 wolves.

Vanquished Creatures
  Pikel (D:4)
  2 gargoyles (D:10)
  Maggie (D:9)
  2 trolls
  Prince Ribbit (D:7)
  2 hornets
  A vampire (D:7)
  2 wyverns
  9 yaks
  3 steam dragons
  Menkaure (D:4)
  An acid dragon (D:8)
  A water moccasin (D:6)
  Duvessa (D:4)
  4 orc warriors
  2 black bears
  2 ice beasts
  3 phantoms
  2 lemures (D:4)
  A kobold brigand (D:10)
  A gnoll sergeant (D:9)
  3 bullfrogs (D:7)
  A necrophage (D:4)
  A scorpion (D:6)
  8 wights
  Dowan (D:4)
  10 hounds
  5 jellies
  5 orc priests
  A gnoll shaman (D:9)
  An iguana (D:5)
  9 orc wizards
  A hound zombie (D:4)
  11 gnolls
  7 adders
  A shadow imp (D:7)
  A worm (D:4)
  3 dart slugs
  27 orcs
  7 ball pythons
  7 endoplasms
  5 giant cockroaches
  4 goblins
  7 hobgoblins
  4 quokkas
  4 bats
  6 frilled lizards
  14 kobolds
  A kobold zombie (D:4)
  5 rats
203 creatures vanquished.

Vanquished Creatures (collateral kills)
  Joseph (D:8)
  Sigmund (D:3)
  A yak (D:8)
  2 kobold brigands
  2 bullfrogs
  A wight (D:9)
  2 hounds
  4 gnolls
  An orc (D:6)
  2 endoplasms (D:3)
  A hobgoblin (D:2)
  7 kobolds
  A goblin zombie (D:4)
26 creatures vanquished.

Vanquished Creatures (others)
  A wraith (D:10)
  A yak zombie (D:8)
  A bullfrog zombie (D:8)
  A black bear zombie (D:6)
  A hound zombie (D:6)
  2 spectral jellies (D:7)
  3 adder zombies
  A worm zombie (D:4)
  6 gnoll zombies
  A goblin zombie (D:3)
  8 kobold zombies
  11 orc zombies
  2 spectral endoplasms
  A fungus (D:11)
  A plant (D:11)
41 creatures vanquished.

Grand Total: 270 creatures vanquished

Notes
Turn   | Place    | Note
-------+----------+-------------------------------------------
     0 | D:1      | quinnr the Tengu Air Elementalist began the quest for the
                  | Orb.
     0 | D:1      | Reached XP level 1. HP: 10/10 MP: 4/4
   340 | D:1      | Reached XP level 2. HP: 15/15 MP: 1/6
   549 | D:1      | Found Ziankoj's Assorted Antiques.
   560 | D:1      | Reached skill level 5 in Air Magic
   821 | D:1      | Reached XP level 3. HP: 19/19 MP: 5/7
  1356 | D:2      | Reached skill level 6 in Air Magic
  1358 | D:1      | Gained mutation: You have hidden genetic potential. [potion
                  | of mutation]
  1358 | D:1      | Gained mutation: You are strong-willed. (Will+) [potion of
                  | mutation]
  1358 | D:1      | HP: 1/19 [poisoned by an adder]
  1538 | D:1      | Reached XP level 4. HP: 19/24 MP: 2/8
  1766 | D:2      | Found a basalt altar of Yredelemnul.
  1854 | D:2      | Became a worshipper of Yredelemnul the Dark
  2345 | D:2      | Reached skill level 7 in Air Magic
  2355 | D:2      | Gained mutation: You are agile. (Dex +2) [hidden potential]
  2602 | D:3      | Learned a level 4 spell: Airstrike
  2605 | D:3      | Learned a level 2 spell: Static Discharge
  2743 | D:3      | Gained mutation: Your magical nature lets you fly swiftly
                  | and evasively. [Tengu growth]
  2743 | D:3      | Reached XP level 5. HP: 13/28 MP: 5/9
  2907 | D:3      | Reached * piety under Yredelemnul
  3032 | D:3      | Found an opulent altar of Gozag.
  3034 | D:3      | Found a glowing silver altar of Zin.
  3034 | D:3      | Found a blossoming altar of Fedhas.
  3239 | D:3      | Noticed Sigmund
  3257 | D:3      | Killed Sigmund
  3258 | D:3      | Reached skill level 1 in Fighting
  3258 | D:3      | Reached XP level 6. HP: 35/35 MP: 3/11
  3271 | D:3      | Gained mutation: A frigid envelope surrounds you and
                  | freezes all who hurt you. [hidden potential]
  3271 | D:3      | Lost mutation: You have hidden genetic potential. [hidden
                  | potential expressed]
  3609 | D:4      | Noticed Duvessa
  3747 | D:4      | Noticed Pikel
  3934 | D:4      | Noticed Menkaure
  3940 | D:4      | Reached skill level 8 in Air Magic
  3943 | D:4      | Killed Menkaure
  3944 | D:4      | Reached XP level 7. HP: 22/40 MP: 1/12
  4186 | D:4      | Reached ** piety under Yredelemnul
  4298 | D:4      | Killed Pikel
  4299 | D:4      | Reached skill level 10 in Air Magic
  4299 | D:4      | Reached XP level 8. HP: 44/44 MP: 0/13
  4538 | D:4      | Reached skill level 11 in Air Magic
  4705 | D:4      | Noticed Dowan
  4707 | D:4      | Killed Dowan
  4720 | D:4      | Killed Duvessa
  4912 | D:5      | Entered Level 5 of the Dungeon
  5061 | D:5      | Reached skill level 12 in Air Magic
  5293 | D:5      | Noticed a hornet
  5304 | D:5      | Killed a hornet
  5305 | D:5      | Reached XP level 9. HP: 16/48 MP: 6/14
  5601 | D:5      | Learned a level 5 spell: Lightning Bolt
  6445 | D:6      | Found a staircase to the Ecumenical Temple.
  6446 | D:6      | Found the +0 mask of the Dragon {Will+ Slay+3 SInv}
  6461 | D:5      | Reached skill level 13 in Air Magic
  6602 | Temple   | Entered the Ecumenical Temple
  7245 | D:6      | Reached skill level 5 in Conjurations
  7950 | D:7      | Reached skill level 14 in Air Magic
  8491 | D:7      | Reached XP level 10. HP: 52/56 MP: 8/16
  9259 | D:8      | Noticed Prince Ribbit
  9272 | D:7      | Killed Prince Ribbit
  9447 | D:8      | Reached skill level 5 in Dodging
  9923 | D:8      | Reached skill level 5 in Spellcasting
  9927 | D:8      | Reached skill level 5 in Fighting
 10170 | D:8      | Identified the +7 chain mail of the Cooper {Harm *Slow
                  | rPois rF++}
 10544 | D:8      | Noticed Joseph
 10658 | D:8      | Killed Joseph
 11070 | D:8      | Found a stormy altar of Qazlal.
 11326 | D:9      | Found Wujoda's Assorted Antiques.
 11334 | D:9      | Bought a creamy pearl robe for 159 gold pieces
 11334 | D:9      | Identified the +0 robe of Pesair {Fly rC- rN+ Will+} (You
                  | bought it in a shop on level 9 of the Dungeon)
 11335 | D:9      | Bought a scroll of identify for 56 gold pieces
 11335 | D:9      | Bought a scroll labelled FOAKEH REQOSHRU for 28 gold pieces
 11335 | D:9      | Bought a scroll of identify for 56 gold pieces
 11835 | D:9      | Reached skill level 15 in Air Magic
 11969 | D:9      | Reached XP level 11. HP: 63/63 MP: 8/19
 12048 | D:9      | Noticed Maggie
 12069 | D:9      | Killed Maggie
 12402 | D:9      | Reached skill level 16 in Air Magic
 12899 | D:9      | Reached *** piety under Yredelemnul
 13070 | D:10     | Entered Level 10 of the Dungeon
 13071 | D:10     | Found a radiant altar of Vehumet.
 13148 | D:10     | Found an iron altar of Okawaru.
 13452 | D:10     | Identified the +4 kite shield of Prudence {+Inv rF+ Str+2}
 13563 | D:10     | Reached skill level 1 in Evocations
 13701 | D:10     | Reached skill level 1 in Invocations
 13954 | D:10     | Learned a level 3 spell: Mephitic Cloud
 14304 | D:11     | Found an opulent altar of Gozag.
 14333 | D:11     | Reached skill level 1 in Poison Magic
 14333 | D:11     | Noticed a boulder beetle
 14333 | D:11     | HP: 5/63 [yak (15)]
 14334 | D:11     | Slain by a wolf

Illustrated notes

Levels and vault maps discovered:
D:1:      denvon_arrival_planthouse, layout_basic, serial_shops,
          nicolae_shop_temple_entry_statues_fountains, minmay_pentomino_w4
D:2:      layout_basic, basic_altar
D:3:      layout_basic, minitemple, uniq_sigmund
D:4:      layout_basic, uniq_menkaure, uniq_duvessa, uniq_pikel
D:5:      layout_layer_cave, minmay_misc_feat_ornament
D:6:      layout_loops_ring, minmay_temple_entry_slanted
D:7:      layout_loops_ring, st_stairs_10, kennysheep_generic_room_10
D:8:      layout_basic, marbit_many_paths, uniq_prince_ribbit1, uniq_joseph
D:9:      layout_gridville, serial_shops, shop, uniq_maggie
D:10:     layout_irregular_city, serial_bayou_pond_d, hangedman_feature_mirror,
          lemuel_old_faithful
D:11:     layout_roguey, minmay_lair_entry_grove, grunt_gozag_statues
Temple:   hc_temple_tempest_star

Skill      XL: |  1  2  3  4  5  6  7  8  9 10 11 |
---------------+----------------------------------+-----
Air Magic      | 5 6 7 8 10 12 14 15 16 | 16.3
Fighting       | 1 2 3 5 |  5.0
Dodging        | 3 4 5 |  5.6
Shields        | 2 4 |  4.0
Spellcasting   | 3 5 |  5.0
Conjurations   | 6 9 |  9.0
Evocations     | 2 |  2.0
Invocations    | 1 |  1.8
Poison Magic   | 1 |  1.0
Stealth        | |  2.0

Action                   |  1- 3 |  4- 6 |  7- 9 | 10-12 || total
-------------------------+-------+-------+-------+-------++-------
Melee: Unarmed           |     2 |       |       |       ||     2
       Peck              |     1 |     1 |    11 |    11 ||    24
       Dagger            |       |     8 |    52 |    29 ||    89
       Kick              |       |       |    17 |    20 ||    37
       Staff             |       |       |       |    11 ||    11
 Cast: Shock             |    65 |    83 |   138 |   136 ||   422
       Airstrike         |       |       |    19 |    37 ||    56
       Lightning Bolt    |       |       |     2 |     4 ||     6
       Static Discharge  |       |       |       |    11 ||    11
Invok: Recall Undead Har |       |     2 |       |     3 ||     5
       Dark Bargain      |       |       |       |     1 ||     1
Evoke: Wand              |       |       |     3 |     2 ||     5
  Use: Potion            |     2 |       |       |     1 ||     3
       Scroll            |       |     6 |       |     3 ||     9
Armor: Robe              |     2 |     6 |     7 |    11 ||    26
Dodge: Dodged            |    10 |    15 |    32 |    64 ||   121
Block: Buckler           |       |     5 |    21 |    25 ||    51

Table legend: (Time is in decaauts)
 A = Elapsed time spent in this place.
 B = Non-inter-level travel time spent in this place.
 C = Inter-level travel time spent in this place.
 D = Time resting spent in this place.
 E = Time spent auto-exploring this place.
 F = Levels seen in this place.
 G = Mean time per level.
                   A        B        C        D        E       F      G
               +--------+--------+--------+--------+--------+-----+--------+
         Total |  13705 |  13260 |    445 |   1894 |   9380 |  12 | 1142.1 |
       Dungeon |  13518 |  13100 |    418 |   1894 |   9235 |  11 | 1228.9 |
        Temple |    186 |    159 |     27 |      0 |    144 |   1 |  186.0 |
               +--------+--------+--------+--------+--------+-----+--------+

Top non-repeatable levels by time:
     D:9: 1908 daAuts
     D:8: 1633 daAuts
     D:1: 1579 daAuts
     D:7: 1416 daAuts
     D:4: 1415 daAuts
     D:5: 1315 daAuts
     D:6: 1183 daAuts
     D:3: 1131 daAuts
    D:10: 1033 daAuts
     D:2: 870 daAuts
  Temple: 186 daAuts
    D:11: 31 daAuts
